 Seeded DCSS version 0.30.0-5-g1a98f26d00 (webtiles) character file.

Game seed: 3 (custom seed)

221 Kazon the Trooper (level 5, -3/47 HPs)
             Began as a Hill Orc Monk on May 10, 2023.
             Was an Elder of Qazlal.
             Slain by a kobold brigand
             ... wielding a +0 whip
              (5 damage)
             ... on level 4 of the Dungeon.
             The game lasted 00:09:14 (2493 turns).

Kazon the Trooper (Hill Orc Monk)                   Turns: 2493, Time: 00:09:15

Health: -3/47      AC: 11    Str: 17 (19) XL:     5   Next: 98%
Magic:  6/7        EV: 11    Int:  7 (10) God:    Qazlal [****..]
Gold:   84         SH:  5    Dex: 12 (13) Spells: 4/4 levels left

rFire   + . .        x - +0 war axe
rCold   . . .        d - orb {light}
rNeg    . . .        b - +3 ring mail "Cuheemm" {rElec rCorr}
rPois   .            y - +0 helmet
rElec   +            (no cloak)
rCorr   +            z - +1 pair of gloves {Str+3}
SInv    .            (no boots)
Will    .....        (no amulet)
Stlth   +            v - ring of protection from fire
HPRegen 0.27/turn    (no ring)
MPRegen 0.10/turn

%: repel missiles
@: lethally poisoned (-3 -> -7), slowed, glowing, very slow
A: no striking features
a: Renounce Religion, Upheaval, Elemental Force


You were on level 4 of the Dungeon.
You worshipped Qazlal.
Qazlal was greatly pleased with you.
You visited 1 branch of the dungeon, and saw 4 of its levels.

You collected 246 gold pieces.
You spent 162 gold pieces at shops.

Inventory:

Hand Weapons
 a - a +0 mace
 q - a +2 flail of draining
 x - a +0 war axe (weapon)
Missiles
 f - 17 stones (quivered)
 t - 7 poisoned darts
Armour
 b - the +3 ring mail "Cuheemm" (worn) {rElec rCorr}
   (You bought it in a shop on level 3 of the Dungeon)

   rElec:     It insulates you from electricity.
   rCorr:     It protects you from acid and corrosion.
 d - an orb of light (worn)
 e - a +0 pair of gloves
 u - a +1 leather armour of poison resistance
 w - a +0 kite shield
 y - a +0 helmet (worn)
 z - a +1 pair of gloves of strength (worn)
Jewellery
 v - a ring of protection from fire (left hand)
Scrolls
 g - 2 scrolls of identify {unknown}
 j - 4 scrolls of teleportation {unknown}
 k - a scroll of vulnerability {unknown}
 l - 2 scrolls of fear {unknown}
 m - a scroll of blinking {unknown}
 n - a scroll of enchant armour {unknown}
 s - a scroll of fog {unknown}
Potions
 c - 2 potions of ambrosia
 h - 2 potions of degeneration
 i - 3 potions of heal wounds {unknown}
 o - a potion of magic {unknown}
 p - 2 potions of brilliance {unknown}
 r - 2 potions of curing {unknown}


   Skills:
 + Level 4.5 Fighting
 + Level 3.2(4.4) Axes
 + Level 3.9(4.3) Maces & Flails
 * Level 1.8 Throwing
 + Level 1.0 Armour
 + Level 2.8 Dodging
 + Level 0.1 Stealth
 + Level 0.1 Shields
 * Level 2.7 Invocations


You had 4 spell levels left.
You didn't know any spells.
Your spell library contained the following spells:

 Spells                   Type           Power      Damage    Failure   Level
 Beastly Appendage        Tmut           0%         N/A       65%         1
 Wereblood                Tmut           0%         N/A       78%         2
 Spider Form              Tmut/Pois      0%         N/A       95%         3


Dungeon Overview and Level Annotations

Branches:
Dungeon (4/15)
 Temple: D:4-7

Altars:
Nemelex Xobeh
Qazlal

Shops:
D:3 [

Annotations:
D:4 1 runed translucent door, Crazy Yiuf


Message History

You feel as though you will be slow longer.
Your base Axes skill increases to level 3!
Your Armour skill increases to level 1!
You slash the orc!
You kill the orc!
Qazlal accepts your kill.
You barely miss the orc wizard.
You feel extremely sick.
The orc wizard hits you but does no damage.
The kobold brigand throws a curare-tipped dart.
The curare-tipped dart hits you.
You are more poisoned.
You have difficulty breathing.
You feel as though you will be slow longer.
The orc wizard hits you but does no damage.
You hit the orc wizard.
The orc wizard is moderately wounded.
You completely miss the orc.
* * * LOW HITPOINT WARNING * * *
You feel very sick.
The orc wizard hits you but does no damage.
The orc misses you. The orc barely misses you.
The orc wizard hits you with a +0 dagger.
* * * LOW HITPOINT WARNING * * *
You barely miss the orc. You hit the orc wizard.
* * * LOW HITPOINT WARNING * * *
You feel very sick.
The orc wizard hits you but does no damage.
The orc barely misses you.
Unknown command.
It was a potion of degeneration.
There was something very wrong with that liquid.
You feel weakened.
You feel dopey.
You feel clumsy.
* * * LOW HITPOINT WARNING * * *
You feel very sick. You block the orc wizard's attack.
The orc hits you but does no damage. You block the orc's attack.
The orc wizard hits you but does no damage.
The kobold brigand hits you with a +0 whip.
You die...

.......##............#
....................#
....................##
.##...................
###...................
#.....#.........#
##.......#.#.°#....
#.........#.#☼o## #
#....###.##...)@#
....###
#..##..Ko####.. ....
#........§.>K!.. ....
#.#.........#... ...
#.###.......... #.#
#..?.....## #........#
#........# ###..##$##


You could see a kobold brigand, an orc wizard and an orc.

Vanquished Creatures
  A scorpion (D:4)
  An orc priest (D:4)
  3 gnolls (D:4)
  3 adders
  A worm (D:2)
  2 dart slugs
  2 orcs
  3 bats
  6 endoplasms
  5 giant cockroaches
  9 goblins
  8 hobgoblins
  5 jackals
  3 kobolds
  4 quokkas
  4 ball pythons
  6 frilled lizards
  4 rats
70 creatures vanquished.

Notes
Turn   | Place    | Note
-------+----------+-------------------------------------------
     0 | D:1      | Kazon the Hill Orc Monk began the quest for the Orb.
     0 | D:1      | Reached XP level 1. HP: 19/19 MP: 1/1
   103 | D:1      | Reached skill level 4 in Fighting
   106 | D:1      | Reached XP level 2. HP: 21/27 MP: 2/2
   177 | D:1      | Found a faded altar of an unknown god.
   195 | D:1      | Prayed at the altar of an unknown god.
   195 | D:1      | Became a worshipper of Qazlal Stormbringer
   195 | D:1      | Reached * piety under Qazlal
   195 | D:1      | Reached ** piety under Qazlal
   337 | D:1      | Reached *** piety under Qazlal
   393 | D:1      | Reached XP level 3. HP: 33/33 MP: 3/3
   871 | D:2      | Reached skill level 1 in Throwing
   875 | D:2      | Reached XP level 4. HP: 19/41 MP: 4/4
  1508 | D:3      | Found Ydegiw's Antique Armour Boutique.
  1515 | D:3      | Reached skill level 1 in Axes
  1520 | D:3      | Bought a crude ring mail for 162 gold pieces
  1520 | D:3      | Identified the +3 ring mail "Cuheemm" {rElec rCorr} (You
                  | bought it in a shop on level 3 of the Dungeon)
  1589 | D:3      | Reached **** piety under Qazlal
  2228 | D:4      | Noticed a scorpion
  2238 | D:4      | Killed a scorpion
  2239 | D:4      | Reached XP level 5. HP: 15/47 MP: 4/6
  2296 | D:4      | Found a runed translucent door.
  2297 | D:4      | Noticed Crazy Yiuf
  2332 | D:4      | Found a sparkling altar of Nemelex Xobeh.
  2484 | D:4      | Noticed a kobold brigand
  2490 | D:4      | Reached skill level 1 in Armour
  2493 | D:4      | HP: 2/47 [poisoned by a kobold brigand (curare-tipped
                  | dart)]
  2493 | D:4      | Slain by a kobold brigand

Illustrated notes

Levels and vault maps discovered:
D:1:      beargit_arrival_greenhouse, layout_loops_ring,
          nicolae_ecumenical_lake_church, grunt_decor_mini_mirrors
D:2:      layout_basic
D:3:      layout_basic, serial_shops, shop
D:4:      layout_rooms, nemelex_xobeh_ov_fountains_minmay,
          uniq_crazy_yiuf_cottage

Skill      XL: |  1  2  3  4  5 |
---------------+----------------+-----
Fighting       | 4 |  4.5
Throwing       | 1 |  1.8
Axes           | 2 3 |  3.2
Invocations    | 2 |  2.7
Armour         | 1 |  1.0
Maces & Flails | |  3.9
Dodging        | |  2.8
Stealth        | |  0.1
Shields        | |  0.1

Action                     |  1- 3 |  4- 6 || total
---------------------------+-------+-------++-------
  Melee: Mace              |    68 |       ||    68
         War axe           |    21 |    64 ||    85
  Throw: Stone             |     2 |     9 ||    11
    Use: Potion            |       |     1 ||     1
 Armour: Robe              |    16 |    10 ||    26
         Plate armour      |       |     8 ||     8
         Ring mail         |       |    10 ||    10
  Dodge: Dodged            |    42 |    29 ||    71
  Block: Orb               |     7 |    18 ||    25
